Map: Data-C

Players

ace

  • Race: Terran Terran
  • League: Master
  • Spawn Location: 9:00

Frogy - Winner!

  • Race: Terran Terran
  • League: Master
  • Spawn Location: 3:00

VOD

Have the link to the VOD?

Description

Time

  • Played on: Jan. 9, 2023, 10:42 a.m.
  • Length: 3:54
Show
View Real Time Build Order
Export as new Build Order

ace Terran 

Build Orders:  

Get SALT Encoding   

  12  0:00  SCV  
  13  0:12  SCV  
  14  0:17  Supply Depot  
  14  0:27  SCV  
  15  0:39  SCV  
  15  0:40  Barracks  
  16  0:44  Refinery  
  16  0:51  SCV  
  16  0:54  Refinery  
  17  1:04  SCV  
  18  1:16  SCV  
  19  1:28  Orbital Command, Reaper  
  19  1:31  Supply Depot  
  20  1:43  Factory  
  20  1:54  SCV  
  21  2:01  Reaper  
  22  2:10  Bunker  
  22  2:11  SCV  
  23  2:23  SCV  
  23  2:28  Hellion  
  21  2:43  Reaper  
  18  2:55  Hellion  
  18  2:57  SCV  
  21  3:03  Starport  
  21  3:09  SCV  
  22  3:15  Reaper  
  19  3:21  SCV  
  19  3:25  Hellion  
Show
View Real Time Build Order
Export as new Build Order

Frogy Terran - Winner!

Build Orders:  

Get SALT Encoding   

  12  0:00  SCV  
  13  0:14  Supply Depot  
  13  0:26  SCV  
  14  0:36  Barracks  
  14  0:41  Refinery  
  14  0:57  Barracks  
  14  1:15  Barracks  
  14  1:23  Reaper  
  15  1:30  Refinery  
  15  1:43  Reaper  
  16  1:57  Reaper  
  17  2:13  Reaper  
  18  2:42  Reaper x2  
  19  2:55  Reaper  
  19  2:58  Supply Depot  
  20  3:14  Reaper  
Tags
 
Matchup
TvT
Race
Terran
Spawn Locations
Cross Positions
Add a new tag
Caveats
  • Supply blocks, unpowered buildings, or Contaminate may cause inaccurate times.
  • Supply counts are checked every 10 seconds.